 Dungeon Crawl Stone Soup version 0.16.2-12-gd0ad4c3 (webtiles) character file.

667 Kloppie the Cleaver (level 7, -4/100 HPs)
             Began as a Hill Orc Berserker on Oct 30, 2015.
             Was an Elder of Trog.
             Slain by a troll (6 damage)
             ... on level 6 of the Dungeon.
             The game lasted 00:08:11 (5399 turns).

Kloppie the Cleaver (Hill Orc Berserker)            Turns: 5399, Time: 00:08:11

Health: -4/100     AC: 12    Str: 25    XL:     7   Next: 57%
Magic:  7/7        EV:  7    Int:  7    God:    Trog [****..]
Gold:   255        SH:  0    Dex: 12    Spells: 0 memorised, 6 levels left

rFire  . . .     SeeInvis .     a - +0 hand axe
rCold  . . .     Clarity  .     p - +0 plate armour
rNeg   . . .     SustAb   .     (no shield)
rPois  .         Gourm    .     (no helmet)
rElec  .         Spirit   .     B - +0 cloak
rCorr  .         Warding  .     (no gloves)
rMut   .         Stasis   .     (no boots)
MR     .....                    (no amulet)
Stlth  ..........               (no ring)
                                (no ring)

@: berserking (expiring), very quick, not resistant to hostile enchantments,
extremely unstealthy
A: no striking features
a: Burn Spellbooks, Berserk, Trog's Hand, Brothers in Arms, Renounce Religion


You were on level 6 of the Dungeon.
You worshipped Trog.
Trog was greatly pleased with you.
You were not hungry.

You visited 1 branch of the dungeon, and saw 6 of its levels.

You collected 255 gold pieces.

Inventory:

Hand weapons
 a - a +0 hand axe (weapon)
Missiles
 D - 4 tomahawks of returning (quivered)
Armour
 p - a +0 plate armour (worn)
 B - a +0 cloak (worn)
Jewellery
 q - an uncursed amulet of the gourmand {unknown}
 y - a +2 ring of protection {unknown}
Magical devices
 o - a wand of fireball (5)
 x - a wand of draining (10)
 F - a wand of disintegration (15)
Scrolls
 e - 6 scrolls of identify
 l - 4 scrolls of remove curse {unknown}
 m - 3 scrolls of immolation {unknown}
 n - a scroll of blinking {unknown}
 s - a scroll of fear {unknown}
 t - 3 scrolls of recharging {unknown}
 v - 3 scrolls of teleportation {unknown}
 w - 2 scrolls of enchant armour {unknown}
 G - 2 scrolls of random uselessness {unknown}
Potions
 b - a potion of resistance {unknown}
 d - a potion of beneficial mutation {unknown}
 h - 3 potions of curing {unknown}
 j - a potion of cancellation {unknown}
 k - a potion of brilliance {unknown}
 r - a potion of ambrosia {unknown}
 z - a potion of poison {unknown}
 A - a potion of berserk rage {unknown}
 C - a potion of cure mutation {unknown}
Books
 E - a book of Transfigurations

   Spells                             Type                      Level
   a - Stoneskin                      Transmutation/Earth          2
   b - Irradiate                      Conjuration/Transmutation    5
   c - Statue Form                    Transmutation/Earth          6
   d - Hydra Form                     Transmutation                6
   e - Dragon Form                    Transmutation                7
   Trog disapproves of the use of such an item.
Comestibles
 c - 2 meat rations
 f - 5 bread rations
 g - 2 fruits
 i - 5 beef jerkies
 u - 3 slices of pizza


   Skills:
 + Level 7.7 Fighting
 + Level 8.4 Axes
 - Level 2.1 Armour
 - Level 1.5 Dodging


You had 6 spell levels left.
You didn't know any spells.

Dungeon Overview and Level Annotations

Branches:
Dungeon (6/15)             Temple (0/1) D:4

Altars:
Dithmenos
Nemelex Xobeh


Message History

The troll bites you but does no damage. The troll claws you.
* * * LOW HITPOINT WARNING * * *
The troll claws you but does no damage.
You hit the troll but do no damage.
The troll is severely wounded.
You barely miss the troll.
The troll is severely wounded.
The troll bites you but does no damage. The troll claws you but does no damage.
The troll closely misses you.
You barely miss the troll.
The troll is severely wounded.
The troll bites you!
* * * LOW HITPOINT WARNING * * *
The troll barely misses you. The troll claws you but does no damage.
You slash the troll!
The troll is almost dead.
You closely miss the troll.
The troll is almost dead.
The troll bites you.
You die...

#..### #.## #.#
#.## #..###.#
##......#
#..###.###..
###.####.......
#.))..@T......#
#..#######./...#
....# ... #.###
. .


You could see a troll.

Vanquished Creatures
  Eustachio (D:4)
  An ogre (D:4)
  A centaur (D:4)
  A goliath beetle (D:5)
  An iron imp (D:4)
  An iguana (D:5)
  3 worker ants
  An orc wizard (D:6)
  Natasha (D:6)
  2 adders (D:1)
  7 gnolls
  2 worms
  An ufetubus (D:4)
  2 giant geckos
  5 orcs
  3 ball pythons
  10 bats
  A bat zombie (D:5)
  3 giant cockroaches
  8 hobgoblins
  18 jackals
  3 quokkas (D:4)
  A giant gecko skeleton (D:5)
  6 giant newts
  9 goblins
  8 kobolds
  12 rats
112 creatures vanquished.

Vanquished Creatures (others)
  A jackal (D:2)
1 creature vanquished.

Grand Total: 113 creatures vanquished

Notes
Turn   | Place    | Note
--------------------------------------------------------------
     0 | D:1      | Kloppie, the Hill Orc Berserker, began the quest for the Orb.
     0 | D:1      | Reached XP level 1. HP: 19/19 MP: 1/1
    79 | D:1      | Reached XP level 2. HP: 10/27 MP: 2/2
   523 | D:1      | Acquired Trog's second power
   812 | D:1      | Reached XP level 3. HP: 33/33 MP: 3/3
  1019 | D:1      | Reached skill level 5 in Axes
  1437 | D:2      | Reached XP level 4. HP: 41/41 MP: 4/4
  1875 | D:3      | Reached skill level 5 in Fighting
  2059 | D:3      | Reached XP level 5. HP: 43/48 MP: 5/5
  2119 | D:3      | Found a shadowy altar of Dithmenos.
  2331 | D:3      | Reached skill level 6 in Axes
  2829 | D:4      | Noticed a centaur
  2842 | D:4      | HP: 3/73 [centaur (7)]
  2843 | D:4      | Killed a centaur
  3310 | D:4      | Reached XP level 6. HP: 57/57 MP: 6/6
  3416 | D:4      | Got a topaz-encrusted ring mail
  3422 | D:4      | Identified the +1 ring mail "Elonin" {Int+2} (You found it on level 4 of the Dungeon)
  3425 | D:4      | Found a sparkling altar of Nemelex Xobeh.
  3440 | D:4      | Noticed Eustachio
  3456 | D:4      | Killed Eustachio
  3456 | D:4      | Reached skill level 7 in Axes
  3538 | D:4      | Noticed an ogre
  3551 | D:4      | Killed an ogre
  3551 | D:4      | Reached XP level 7. HP: 35/66 MP: 7/7
  3797 | D:4      | Found a staircase to the Ecumenical Temple.
  3802 | D:4      | Acquired Trog's third power
  3908 | D:5      | Entered Level 5 of the Dungeon
  4326 | D:5      | Reached skill level 8 in Axes
  4652 | D:5      | Received a gift from Trog
  5302 | D:6      | Noticed Natasha
  5311 | D:6      | Killed Natasha
  5380 | D:6      | Noticed a troll
  5397 | D:6      | HP: 1/100 [troll (14)]
  5399 | D:6      | Slain by a troll

Action                   |  1- 3 |  4- 6 |  7- 9 || total
-------------------------+-------+-------+-------++-------
Melee: Hand axe          |   116 |   193 |   165 ||   474
Invok: Berserk           |     1 |     3 |     2 ||     6
       Trog's Hand       |       |     1 |       ||     1
  Use: Scroll            |       |     1 |       ||     1
  Eat: Chunk             |     3 |     9 |     8 ||    20
